 Dungeon Crawl Stone Soup version 0.30.1-3-gfc49f6343a (webtiles) character file.

Game seed: 4914920325831970930

107 zeram the Covert (level 4, -1/22 HPs)
             Began as a Spriggan Brigand on July 28, 2023.
             Killed from afar by Natasha (9 damage)
             ... with a puff of flame
             ... on level 2 of the Dungeon.
             The game lasted 00:03:19 (1664 turns).

zeram the Covert (Spriggan Brigand)                 Turns: 1664, Time: 00:03:20

Health: -1/22      AC:  3    Str:  7    XL:     4   Next: 56%
Magic:  5/5        EV: 17    Int: 14    God:
Gold:   995        SH:  0    Dex: 16    Spells: 3/3 levels left

rFire   . . .        a - +3 dagger
rCold   . . .        (no shield)
rNeg    . . .        b - +0 robe
rPois   .            (helmet restricted)
rElec   .            c - +0 cloak
rCorr   .            (gloves unavailable)
SInv    +            (boots unavailable)
Will    .....        (no amulet)
Stlth   ++++         (no ring)
HPRegen 0.23/turn    (no ring)
MPRegen 0.09/turn

%: no passive effects
@: slowed, quick
A: very small, no large weapons, unfitting armour, see invisible, speed 3
a: no special abilities


You were on level 2 of the Dungeon.
You visited 1 branch of the dungeon, and saw 2 of its levels.

You collected 995 gold pieces.

Inventory:

Hand Weapons
 a - a +3 dagger (weapon)
Missiles
 d - 9 poisoned darts (quivered)
 e - 3 curare-tipped darts
Armour
 b - a +0 robe (worn)
 c - a +0 cloak (worn)
Scrolls
 k - a scroll of fear {unknown}
 l - a scroll of brand weapon {unknown}
 m - 2 scrolls of identify {unknown}
 n - a scroll of enchant armour {unknown}
 o - a scroll of teleportation {unknown}
Potions
 f - a potion of heal wounds {unknown}
 g - a potion of degeneration {unknown}
 h - a potion of flight {unknown}
 i - a potion of cancellation {unknown}
 j - a potion of might


   Skills:
 - Level 1.5 Fighting
 + Level 3.1 Short Blades
 - Level 2.0 Throwing
 + Level 2.4 Dodging
 + Level 8.2 Stealth


You had 3 spell levels left.
You didn't know any spells.
Your spell library contained the following spells:

 Spells                   Type           Power      Damage    Failure   Level
 Slow                     Hex            0%         N/A       28%         1
 Confusing Touch          Hex            0%         N/A       65%         3
 Vampiric Draining        Necr           0%         2d6       65%         3


Dungeon Overview and Level Annotations

Branches:
Dungeon (2/15)

Altars:

Annotations:
D:2 Natasha


Innate Abilities, Weirdness & Mutations

You are very small and have problems with some larger weapons.
You are too small for most types of armour.
You have supernaturally acute eyesight. (SInv)
You cover ground extremely quickly. (Speed+++)


Message History

There are monsters nearby!
There is an open door here.
There are monsters nearby!
There are monsters nearby!
There are monsters nearby!
The endoplasm quivers.
There are monsters nearby!
Natasha hisses angrily.
You hit the endoplasm.
The endoplasm is almost dead.
The endoplasm closely misses you. Natasha casts a spell at you.
You feel yourself slow down.
You hit the endoplasm.
You kill the endoplasm!
Your life force feels restored.
You barely miss Natasha. Natasha claws you. Natasha casts a spell at you.
The magic dart hits you.
You hit Natasha.
Natasha is lightly wounded.
Natasha stares at you and mumbles some strange words.
You easily resist.
You hit Natasha.
Natasha is moderately wounded.
Natasha casts a spell.
You hit Natasha.
Natasha is moderately wounded.
Natasha casts a spell.
The cerulean imp hits you with a +0 spear.
You hit Natasha.
Natasha is severely wounded.
Natasha misses you. The cerulean imp closely misses you. x2
Natasha closely misses you.
You hit Natasha.
Natasha is almost dead.
The cerulean imp hits you but does no damage.
The cerulean imp hits you from afar with a +1 spear.
Natasha zaps a wand.
The puff of flame hits you!
You die...

#.# #.#.#**,**,,,,,,**
###.###### ##'#..,,,*******,*#
#........# ##...###*********,*#
#..#.###.# ##.....## *,,,**,*#
#.#...##.###.......## *,,,**,*
#.#.#..#.##.........###*,,,**.##
#..###....')........'..,,,,,,...
#)#.#..#(##.........#,,,,,,,,.##
#.##..##.#*#..?@h..#*,,,,,,,,,*
#.###.##.# ##...5.##****,,,****
#.......<# ##.5.## *,,,*
#####.#### ##'## *,,,* #.# #.#
**,** #.# #.#*#####**,*
#.#########.#......,*,*
#.............#****,*,*
#..######.....#****,*,*


You could see Natasha and 2 cerulean imps.

Vanquished Creatures
  Jessica (D:2)
  Natasha (D:2)
  An adder (D:2)
  A worm (D:2)
  A dart slug (D:1)
  2 ball pythons
  3 endoplasms (D:2)
  A giant cockroach (D:1)
  6 goblins
  5 hobgoblins
  2 jackals (D:2)
  4 kobolds
  4 quokkas
  4 bats (D:1)
  A frilled lizard (D:1)
  5 rats
42 creatures vanquished.

Notes
Turn   | Place    | Note
-------+----------+-------------------------------------------
     0 | D:1      | zeram the Spriggan Brigand began the quest for the Orb.
     0 | D:1      | Reached XP level 1. HP: 10/10 MP: 2/2
    49 | D:1      | Reached skill level 6 in Stealth
   155 | D:1      | Reached XP level 2. HP: 10/14 MP: 3/3
   622 | D:1      | Reached skill level 7 in Stealth
   978 | D:2      | Noticed Natasha
   980 | D:2      | Killed Natasha
   981 | D:2      | Reached XP level 3. HP: 18/18 MP: 4/4
  1002 | D:2      | Noticed Jessica
  1009 | D:2      | Killed Jessica
  1010 | D:2      | Reached XP level 4. HP: 5/22 MP: 5/5
  1129 | D:2      | Reached skill level 8 in Stealth
  1425 | D:2      | Identified a scroll of acquirement
  1425 | D:2      | Acquired 878 gold pieces
  1652 | D:2      | Noticed Natasha
  1664 | D:2      | Killed from afar by Natasha

Illustrated notes

Levels and vault maps discovered:
D:1:      dpeg_arrival_houses_and_road, layout_basic, minmay_misc_feat_rows,
          minmay_shallow_snake_nest
D:2:      layout_loops_corners, uniq_jessica, uniq_natasha

Skill      XL: |  1  2  3  4 |
---------------+-------------+-----
Stealth        | 6 7 8 |  8.2
Dodging        | 2 |  2.4
Short Blades   | 3 |  3.1
Fighting       | |  1.5
Throwing       | |  2.0

Action                     |  1- 3 |  4- 6 || total
---------------------------+-------+-------++-------
  Melee: Dagger            |    72 |    58 ||   130
         Punch             |       |     1 ||     1
    Use: Scroll            |     3 |     2 ||     5
   Stab: Sleeping          |     6 |     4 ||    10
 Armour: Robe              |     7 |     4 ||    11
  Dodge: Dodged            |    45 |    28 ||    73
